 Dungeon Crawl Stone Soup version 0.29-a0-384-g6960b1960d (webtiles) character file.

Game seed: 12510974062491364473

20 jlumianski the Skirmisher (level 2, -1/21 (24) HPs)
             Began as a Demonspawn Fighter on May 7, 2022.
             Slain by Terence
             ... wielding a +3 flail of draining
              (2 damage)
             ... on level 2 of the Dungeon.
             The game lasted 00:02:06 (616 turns).

jlumianski the Skirmisher (Demonspawn Fighter)       Turns: 616, Time: 00:02:07

HP:   -1/21 (24)    AC: 11    Str: 16    XL:     2   Next: 58%
MP:   2/2           EV:  8    Int:  9    God:
Gold: 40            SH:  4    Dex: 12    Spells: 1/1 levels left

rFire   . . .      SeeInvis .   n - +0 short sword (venom)
rCold   . . .      Faith    .   c - +0 buckler
rNeg    . . .      Spirit   .   b - +0 scale mail
rPois   .          Reflect  .   (no helmet)
rElec   .          Harm     .   (no cloak)
rCorr   .          Rampage  .   h - +0 pair of gloves
Will    .....                   i - +2 pair of boots
Stlth   ..........              (no amulet)
HPRegen 0.07/turn               (no ring)
MPRegen 0.08/turn               (no ring)

@: heavily drained
A: claws 1
a: no special abilities


You were on level 2 of the Dungeon.
You visited 1 branch of the dungeon, and saw 2 of its levels.

You collected 40 gold pieces.

Inventory:

Hand Weapons
 a - a +0 war axe
 n - a +0 short sword of venom (weapon)
Missiles
 l - 26 stones (quivered)
Armour
 b - a +0 scale mail (worn)
 c - a +0 buckler (worn)
 h - a +0 pair of gloves (worn)
 i - a +2 pair of boots (worn)
Scrolls
 e - 2 scrolls of enchant armour {unknown}
 g - a scroll of magic mapping {unknown}
 j - 3 scrolls of teleportation {unknown}
 m - a scroll of immolation {unknown}
Potions
 d - a potion of might
 f - a potion of invisibility {unknown}
 k - a potion of curing {unknown}
 o - 2 potions of flight {unknown}
 p - a potion of brilliance {unknown}


   Skills:
 + Level 3.2 Fighting
 - Level 2.0 Axes
 + Level 3.0 Armour
 + Level 3.0 Shields


You had one spell level left.
You didn't know any spells.
Your spell library was empty.

Dungeon Overview and Level Annotations

Branches:
Dungeon (2/15)

Altars:

Annotations:
D:2 Terence


Innate Abilities, Weirdness & Mutations

You have sharp fingernails.


Message History

There is a stone staircase leading down here.
You climb downwards.
Found an orange potion and 5 gold pieces.
There is a stone staircase leading up here.
You now have 40 gold pieces (gained 5).
p - an orange potion You open the door.
There is an open door here.
Found a stone staircase leading up.
A giant cockroach comes into view.
Found 16 gold pieces.
The giant cockroach barely misses you.
You barely miss the giant cockroach. The giant cockroach barely misses you.
You hit the giant cockroach but do no damage.
The giant cockroach is poisoned.
The giant cockroach bites you but does no damage. x2
You closely miss the giant cockroach.
The giant cockroach is almost dead.
You kill the giant cockroach!
You see here a giant cockroach corpse.
Terence the Incautious comes into view.
He is wielding a +3 flail of draining.
Terence shouts!
Terence hits you with a +3 flail of draining.
You feel drained.
Terence hits you with a +3 flail of draining.
You feel drained.
You see here 16 gold pieces.
Terence attacks as you move away! You block Terence's attack.
A goblin comes into view. It is wielding a +0 dagger.
The goblin shouts!
An adder comes into view.
You hit Terence but do no damage.
Terence is poisoned.
The goblin unwields a +0 dagger.
The goblin wields a +0 hunting sling of flaming.
It bursts into flame!
The goblin shoots a sling bullet.
The sling bullet hits you but does no damage.
Terence hits you with a +3 flail of draining!
Ouch! That really hurt!
* * * LOW HITPOINT WARNING * * *
You feel drained.
You die...

#.#.# ##g#.
#.... .S.
... #.# #.#
#@# # #@#.#
♣♣#####$#.#
..........#
.♣#####.###
#.# #.# #.#
##†##


You could see Terence (very poisoned), an adder and a goblin.

Vanquished Creatures
  A giant cockroach (D:2)
  3 hobgoblins (D:1)
  5 quokkas (D:1)
  2 bats (D:1)
  A frilled lizard (D:1)
  4 kobolds (D:1)
  2 rats (D:1)
18 creatures vanquished.

Notes
Turn   | Place    | Note
-------+----------+-------------------------------------------
     0 | D:1      | jlumianski the Demonspawn Fighter began the quest for the
                  | Orb.
     0 | D:1      | Reached XP level 1. HP: 18/18 MP: 1/1
   248 | D:1      | Gained mutation: You have sharp fingernails. [demonic
                  | ancestry]
   248 | D:1      | Reached XP level 2. HP: 21/24 MP: 2/2
   408 | D:1      | Found a faded altar of an unknown god.
   611 | D:2      | Noticed Terence
   616 | D:2      | HP: 1/22 [Terence/+3 flail of draining (11)]
   616 | D:2      | Slain by Terence

Illustrated notes

Levels and vault maps discovered:
D:1:      ncdulo_watergridlock, layout_rooms,
          hellmonk_ecumenical_altar_pennies_from_heaven
D:2:      kb_forest_paths, layout_loops_corners, kennysheep_generic_room_16,
          uniq_terence, uniq_natasha, uniq_crazy_yiuf_cottage

Skill      XL: |  1  2 |
---------------+-------+-----
Shields        | 3 |  3.0
Axes           | 2 |  2.0
Armour         | 3 |  3.0
Fighting       | |  3.2

Action                   || total
-------------------------++-------
Melee: War axe           ||    38
       Short sword       ||     7
Armor: Scale mail        ||    28
Dodge: Dodged            ||    16
Block: Buckler           ||    14

Table legend: (Time is in decaauts)
 A = Elapsed time spent in this place.
 B = Non-inter-level travel time spent in this place.
 C = Inter-level travel time spent in this place.
 D = Time resting spent in this place.
 E = Time spent auto-exploring this place.
 F = Levels seen in this place.
 G = Mean time per level.
                   A        B        C        D        E       F      G
               +--------+--------+--------+--------+--------+-----+--------+
         Total |    635 |    610 |     25 |      0 |    339 |   2 |  317.5 |
       Dungeon |    635 |    610 |     25 |      0 |    339 |   2 |  317.5 |
               +--------+--------+--------+--------+--------+-----+--------+

Top non-repeatable levels by time:
     D:1: 599 daAuts
     D:2: 36 daAuts
